 Dungeon Crawl Stone Soup version 0.17-a0-1430-g49fde19 (webtiles) character file.

199 Fluffy the Cudgeler (level 5, -1/32 HPs)
             Began as a Gargoyle Fighter on June 25, 2015.
             Slain by an ogre
             ... wielding a +0 giant spiked club
              (20 damage)
             ... on level 4 of the Dungeon.
             The game lasted 00:04:14 (2064 turns).

Fluffy the Cudgeler (Gargoyle Fighter)              Turns: 2064, Time: 00:04:14

Health: -1/32      AC: 10    Str: 20    XL:     5   Next: 77%
Magic:  5/5        EV:  7    Int:  8    God:
Gold:   146        SH:  9    Dex: 10    Spells: 0 memorised, 4 levels left

rFire  . . .     SeeInvis .     a - +0 flail
rCold  . . .     Clarity  .     b - +0 scale mail
rNeg   + . .     SustAt   .     c - +0 shield
rPois  ∞         Gourm    .     (no helmet)
rElec  +         Spirit   .     (no cloak)
rCorr  .         Warding  .     (no gloves)
rMut   .         Stasis   .     (no boots)
MR     .....                    (no amulet)
Stlth  ..........               (no ring)
                                (no ring)

@: not resistant to hostile enchantments, extremely unstealthy
A: negative energy resistance 1, electricity resistance, unbreathing,
petrification resistance, rot immunity, AC +4
a: no special abilities


You were on level 4 of the Dungeon.
You were very hungry.

You visited 1 branch of the dungeon, and saw 4 of its levels.

You collected 146 gold pieces.

Inventory:

Hand weapons
 a - a +0 flail (weapon)
Armour
 b - a +0 scale mail (worn)
 c - a +0 shield (worn)
Scrolls
 f - 7 scrolls of identify
 h - a scroll of random uselessness {unknown}
 l - a scroll of magic mapping {unknown}
 m - a scroll of noise {unknown}
 p - a scroll of blinking {unknown}
 q - a scroll of amnesia {unknown}
Potions
 d - 4 potions of might
 i - 2 potions of ambrosia
 n - a potion of resistance
 o - 2 potions of curing
 r - a potion of haste
 s - a potion of mutation
Comestibles
 e - 3 bread rations
 g - 3 meat rations
 j - a beef jerky
 k - 3 fruits


   Skills:
 - Level 3.2 Fighting
 + Level 5.8 Maces & Flails
 - Level 3.2 Armour
 - Level 3.2 Shields


You had 4 spell levels left.
You didn't know any spells.

Dungeon Overview and Level Annotations

Branches:
Dungeon (4/15)
 Temple: D:4-7

Altars:
Cheibriados
Nemelex Xobeh


Innate Abilities, Weirdness & Mutations

You are resistant to torment.
Your stone body is resilient (AC +4).
You are immune to poison.
You resist negative energy.
You are resistant to electric shocks.
You can survive without breathing.
You are immune to petrification.
You are immune to rotting.


Message History

Read which item? (? for menu, Esc to quit)
Identify which item? (\ to view known items) (? for menu, Esc to quit)
As you read the scroll of identify, it crumbles to dust.
o - 2 potions of curing Read which item? (? for menu, Esc to quit)
Identify which item? (\ to view known items) (? for menu, Esc to quit)
As you read the scroll of identify, it crumbles to dust.
r - a potion of haste Read which item? (? for menu, Esc to quit)
Identify which item? (\ to view known items) (? for menu, Esc to quit)
As you read the scroll of identify, it crumbles to dust.
s - a potion of mutation You thump the ogre!
The ogre is moderately wounded.
The ogre hits you with a giant spiked club!
You barely miss the ogre.
The ogre is moderately wounded.
The ogre hits you with a giant spiked club!!
Ouch! That really hurt!
You die...

.###..#########..##.# .#
#..#########..##.# ##
#...).[)..##..##.#
#.#######.##..##.##########
#.# #.##..##...<.......
#.#######.##..############.
####.............####
....########........#
...#........##.#@##.#
.....######.##.#O# ...###
##.##.#.# ....# ##.#.#.#.#
#########.###..#.# #....##
##.#.. .....###.###.###.
...#.####.#.## . .
....>....##


You could see an ogre.

Vanquished Creatures
  An orc wizard (D:4)
  4 gnolls (D:2)
  5 adders
  2 oozes (D:1)
  An adder skeleton (D:4)
  A worm (D:3)
  A giant gecko (D:3)
  5 orcs (D:4)
  2 giant cockroaches
  8 hobgoblins
  6 kobolds
  A quokka (D:2)
  3 ball pythons
  6 bats
  6 giant newts
  12 goblins
  6 jackals
  8 rats
78 creatures vanquished.

Notes
Turn   | Place    | Note
--------------------------------------------------------------
     0 | D:1      | Fluffy the Gargoyle Fighter began the quest for the Orb.
     0 | D:1      | Reached XP level 1. HP: 14/14 MP: 1/1
    48 | D:1      | Reached XP level 2. HP: 19/19 MP: 2/2
   254 | D:1      | Reached XP level 3. HP: 20/23 MP: 3/3
   767 | D:2      | Reached skill level 4 in Maces & Flails
   775 | D:2      | Reached XP level 4. HP: 26/28 MP: 4/4
  1472 | D:3      | Reached skill level 5 in Maces & Flails
  1593 | D:3      | Found a snail-covered altar of Cheibriados.
  1594 | D:3      | Reached XP level 5. HP: 32/32 MP: 5/5
  2021 | D:4      | Found a sparkling altar of Nemelex Xobeh.
  2057 | D:4      | Noticed an ogre
  2064 | D:4      | Slain by an ogre

Vault maps used:
D:1:      scummos_arrival_hexagon
D:2:      first_bread, minmay_close_crescents
D:3:      old_standard_altar
D:4:      lemuel_coloured_pillars_altar

Action                   |  1- 3 |  4- 6 || total
-------------------------+-------+-------++-------
Melee: Flail             |   118 |   155 ||   273
  Use: Scroll            |       |     5 ||     5
  Eat: Chunk             |       |     3 ||     3
